 Dungeon Crawl Stone Soup version 0.28.0-47-ge53b351184 (webtiles) character file.

Game seed: 16916961260849668318

72 bobregger the Ducker (level 4, -2/48 HPs)
             Began as an Ogre Berserker on May 3, 2022.
             Was a Follower of Trog.
             Killed from afar by Grinder (7 damage)
             ... with a puff of flame
             ... on level 3 of the Dungeon.
             The game lasted 00:02:00 (2417 turns).

bobregger the Ducker (Ogre Berserker)               Turns: 2417, Time: 00:02:01

Health: -2/48      AC:  3    Str: 21    XL:     4   Next: 25%
Magic:  4/4        EV: 10    Int:  8    God:    Trog [*.....]
Gold:   190        SH:  0    Dex: 10    Spells: 3/3 levels left

rFire   . . .      SeeInvis .   a - +0 mace
rCold   . . .      Faith    .   (no shield)
rNeg    . . .      Spirit   .   b - +0 animal skin
rPois   .          Reflect  .   (helmet restricted)
rElec   .          Harm     .   (no cloak)
rCorr   .          Rampage  .   (gloves unavailable)
Will    .....                   (boots unavailable)
Stlth   +.........              (no amulet)
HPRegen 0.16/turn               (no ring)
MPRegen 0.09/turn               (no ring)

@: on berserk cooldown, hasted and slowed
A: large, unfitting armour, tough skin 1
a: Renounce Religion, Berserk


You were on level 3 of the Dungeon.
You worshipped Trog.
Trog was aware of your devotion.
You visited 1 branch of the dungeon, and saw 3 of its levels.

You collected 190 gold pieces.

Inventory:

Hand Weapons
 a - a +0 mace (weapon)
Armour
 b - a +0 animal skin (worn)
Jewellery
 l - a ring of fire
Scrolls
 d - a scroll of torment {unknown}
 f - 2 scrolls of teleportation {unknown}
 g - a scroll of magic mapping {unknown}
 h - a scroll of brand weapon {unknown}
 i - a scroll of blinking {unknown}
 j - a scroll of vulnerability {unknown}
 k - a scroll of noise {unknown}
 m - a scroll of summoning {unknown}
Potions
 e - a potion of haste
 n - 2 potions of brilliance {unknown}
 o - a potion of cancellation {unknown}


   Skills:
 - Level 4.0 Fighting
 - Level 2.6 Maces & Flails
 + Level 4.5 Dodging


You had 3 spell levels left.
You didn't know any spells.
Your spell library was empty.

Dungeon Overview and Level Annotations

Branches:
Dungeon (3/15)

Altars:
Nemelex Xobeh

Annotations:
D:3 Grinder


Innate Abilities, Weirdness & Mutations

You are too large for most types of armour.
You have tough skin. (AC +1)


Message History

Grinder comes into view.
She is carrying a wand of flame (19).
Grinder says, "There's only one good use for a tongue: cutting it out."
Grinder is nearby!
Grinder gestures at you. Pain shoots through your body!
There is an open door here.
Okay, then.
Grinder gestures at you. Pain shoots through your body!
There is an open door here.
A red film seems to cover your vision as you go berserk!
You feel yourself moving faster!
You feel mighty!
You closely miss Grinder. Grinder barely misses you.
You barely miss Grinder. Grinder hits you.
You writhe in agony.
You closely miss Grinder. You hit Grinder.
Grinder is lightly wounded.
Grinder blinks!
Grinder gestures at you. You resist with significant effort.
You feel a strong urge to attack something.
You feel your anger nearly subside.
You are no longer berserk.
You are exhausted.
You feel yourself slow down.
Grinder blinks!
Grinder hits you!
You writhe in agony.
Grinder zaps a wand.
The puff of flame hits you!
* * * LOW HITPOINT WARNING * * *
Grinder zaps a wand.
The puff of flame hits you.
* * * LOW HITPOINT WARNING * * *
It was a potion of curing.
You feel better. Grinder hits you.
You writhe in agony.
* * * LOW HITPOINT WARNING * * *
It was a potion of haste.
You feel yourself speed up. Grinder hits you.
* * * LOW HITPOINT WARNING * * *
You writhe in agony.
* * * LOW HITPOINT WARNING * * *
Grinder hits you.
* * * LOW HITPOINT WARNING * * *
Grinder zaps a wand.
The puff of flame hits you!
You die...

###### #...........
#....# #...........
###....#######'####+#
#......'.......# #
####.#....######### #
..........# #
.......5..# #
.........## ########
.......@.# ........
.........# .#######
.........# ##
.........# #.
.........# #.
.........# #.
####+##### #. #. #.


You could see Grinder.

Vanquished Creatures
  3 adders (D:2)
  2 dart slugs (D:1)
  An orc (D:3)
  3 bats
  3 endoplasms
  A giant cockroach (D:1)
  3 goblins
  4 hobgoblins
  6 kobolds
  2 quokkas
  5 ball pythons (D:2)
  2 frilled lizards
  A rat (D:1)
36 creatures vanquished.

Vanquished Creatures (others)
  A demonic plant (D:1)
  A plant (D:1)
  A withered plant (D:1)
3 creatures vanquished.

Grand Total: 39 creatures vanquished

Notes
Turn   | Place    | Note
-------+----------+-------------------------------------------
     0 | D:1      | bobregger the Ogre Berserker began the quest for the Orb.
     0 | D:1      | Reached XP level 1. HP: 24/24 MP: 1/1
   190 | D:1      | Reached XP level 2. HP: 24/32 MP: 2/2
   268 | D:1      | Found a faded altar of an unknown god.
   942 | D:2      | Reached XP level 3. HP: 31/39 MP: 3/3
  1391 | D:2      | Reached XP level 4. HP: 32/48 MP: 4/4
  2240 | D:3      | Found a sparkling altar of Nemelex Xobeh.
  2399 | D:3      | Noticed Grinder
  2417 | D:3      | Killed from afar by Grinder

Illustrated notes

Levels and vault maps discovered:
D:1:      lemuel_arrival_broad_hall, layout_basic, shapermc_ecumenical_altar_gd,
          grunt_decor_clamped
D:2:      layout_loops_ring, minmay_parallelograms
D:3:      layout_basic, amcnicky_altar_gilded, uniq_grinder, uniq_jessica,
          uniq_ijyb, uniq_sigmund

Skill      XL: |  1  2  3 |
---------------+----------+-----
Dodging        | 3 4 |  4.5
Fighting       | |  4.0
Maces & Flails | |  2.6

Action                   |  1- 3 |  4- 6 || total
-------------------------+-------+-------++-------
Melee: Mace              |    75 |    31 ||   106
Invok: Berserk           |       |     1 ||     1
  Use: Potion            |       |     2 ||     2
Armor: Animal skin       |    23 |    13 ||    36
Dodge: Dodged            |    38 |    21 ||    59
